 Dungeon Crawl Stone Soup version 0.22-a0-422-g9628fc8 (webtiles) character file.

7399 dstrtnsr the Severer (level 11, -5/102 HPs)
             Began as a Hill Orc Berserker on May 16, 2018.
             Was a High Priest of Trog.
             Hit by a javelin thrown by Urug (15 damage)
             ... on level 12 of the Dungeon.
             The game lasted 00:10:23 (10340 turns).

dstrtnsr the Severer (Hill Orc Berserker)          Turns: 10340, Time: 00:10:23

Health: -5/102     AC: 14    Str: 24    XL:     11   Next: 14%
Magic:  14/14      EV:  7    Int:  7    God:    Trog [*****.]
Gold:   294        SH:  0    Dex: 10    Spells: 10/10 levels left

rFire    + . .     SeeInvis +   J - +4 battleaxe (distort)
rCold    . . .     Gourm    .   (shield currently unavailable)
rNeg     + . .     Faith    +   F - +0 plate armour
rPois    .         Spirit   .   b - +2 helmet
rElec    .         Reflect  .   G - +2 cloak of the Thief {+Fog Slay-2 SInv Stlth+}
rCorr    .         Harm     .   D - +2 pair of gloves {archery}
MR       .....                  t - +1 pair of boots
Stlth    ..........             k - amulet of faith
HPRegen  0.27/turn              (no ring)
MPRegen  0.14/turn              w - ring of the Jester {rF+ rN+}

@: corroded, berserk cooldown, slowed, very slow
A: no striking features
a: Berserk, Trog's Hand, Brothers in Arms, Renounce Religion, Evoke Fog


You were on level 12 of the Dungeon.
You worshipped Trog.
Trog was extremely pleased with you.
You were hungry.

You visited 1 branch of the dungeon, and saw 12 of its levels.

You collected 614 gold pieces.
You spent 320 gold pieces at shops.

Inventory:

Hand Weapons
 a - a +0 hand axe
 f - a +0 war axe
 J - a +4 battleaxe of distortion (weapon)
Armour
 b - a +2 helmet (worn)
 t - a +1 pair of boots (worn)
 D - a +2 pair of gloves of archery (worn)
 F - a +0 plate armour (worn)
 G - the +2 cloak of the Thief (worn) {+Fog Slay-2 SInv Stlth+}
   (You found it on level 8 of the Dungeon)

   It affects your accuracy and damage with ranged weapons and melee attacks
   (-2).
   It lets you see invisible.
   It makes you more stealthy.
Jewellery
 k - an amulet of faith (around neck)
 w - the ring of the Jester (right hand) {rF+ rN+}
   (You took it off an orc on level 4 of the Dungeon)

   [ring of positive energy]

   It protects you from fire.
   It protects you from negative energy.
 M - the ring "Zyusajo" {Fire -Tele *Corrode rN+++ Int+10, unknown}
   (You took it off an orc wizard on level 10 of the Dungeon)

   [ring of fire]

   It enhances your fire magic.
   It affects your intelligence (+10).
   It protects you from fire.
   It makes you vulnerable to cold.
   It renders you almost immune to negative energy.
   It prevents most forms of teleportation.
   It may corrode you when you take damage.
Wands
 y - a wand of scattershot (11)
 E - a wand of enslavement (14) {@v5}
 I - a wand of iceblast (6)
Scrolls
 c - 5 scrolls of remove curse {@r2}
 d - a scroll of torment {unknown}
 h - 2 scrolls of enchant weapon {unknown}
 l - a scroll of noise {unknown}
 m - a scroll of holy word {unknown}
 n - 2 scrolls of fog {unknown}
 o - 3 scrolls of fear
 p - 4 scrolls of teleportation {!d}
 u - a scroll of blinking {unknown}
 v - 4 scrolls of magic mapping
 x - 2 scrolls of immolation {unknown}
 C - 3 scrolls of enchant armour
 K - 2 scrolls of identify {@r1}
Potions
 g - 3 potions of haste
 i - 6 potions of curing {@q1}
 j - 2 potions of heal wounds
 q - a potion of cancellation {unknown}
 r - 2 potions of lignification {unknown}
 s - 2 potions of mutation {unknown}
 z - 2 potions of brilliance {unknown}
 A - 2 potions of agility {unknown}
 B - 2 potions of flight {unknown}
 L - 2 potions of might {unknown}
Comestibles
 e - 26 rations {!d}
 H - 5 chunks of flesh


   Skills:
 + Level 11.5 Fighting
 * Level 16.3 Axes
 + Level 2.8 Armour
 + Level 2.1 Dodging
 + Level 4.1 Evocations


You had 10 spell levels left.
You didn't know any spells.
Your spell library was empty.

Dungeon Overview and Level Annotations

Branches:
Dungeon (12/15)            Temple (0/1) D:4            Lair (0/6) D:8
    Orc: D:9-12

Altars:
Ashenzari
Cheibriados
Dithmenos
Elyvilon
Gozag
Kikubaaqudgha
Makhleb
Nemelex Xobeh
Qazlal
Sif Muna
Trog
Uskayaw
Vehumet
Xom
Zin

Shops:
D:4 [   D:7 ?!=(   D:10 :

Annotations:
D:3 Sigmund
D:12 Urug


Message History

H - 14 chunks of flesh (gained 3)
Things that are here:
a giant spiked club; an arrow
Things that are here:
a giant spiked club; an arrow Key pressed, stopping explore.
You now have 279 gold pieces (gained 1).
Items here: )) [[ † a flail; a leather armour; a hand axe; a leather armour; an orc corpse You butcher the orc corpse.
H - 15 chunks of flesh (gained 1)
Items here: )) [[ a flail; a leather armour; a hand axe; a leather armour
Items here: )) [[ a flail; a leather armour; a hand axe; a leather armour You now have 283 gold pieces (gained 4).
Things that are here:
an uncursed shortbow; 16 arrows You hear a distant blaring wail to the southeast.
Eating one of 6 chunks of flesh.
You eat one of the 6 chunks of flesh.
This raw flesh tastes terrible.
Found a stone staircase leading down.
No target in view!
No target in view!
No target in view!
No target in view!
Found 21 arrows.
Key pressed, stopping explore.
Found a flail.
No target in view!
No target in view!
No target in view!
No target in view!
You now have 294 gold pieces (gained 11).
Key pressed, stopping explore.
e - 26 rations {!d} (gained 1)
You enter the shallow water.
Moving in this stuff is going to be slow.
There is a stone staircase leading down here.
Items here: )) [[ a flail; a leather armour; a hand axe; a leather armour
Things that are here:
a giant spiked club; an arrow You see here a glowing helmet.
Key pressed, stopping explore.
No target in view!
Urug the Orcish Ballista comes into view.
She is wielding a glaive of protection.
Urug shouts!
Urug zaps a wand.
The bolt of acid hits you! The acid corrodes you!
You are splashed with acid!
The acid burns!
It is a wand of acid (11).
Found a stone staircase leading down.
Urug is nearby!
Urug throws a javelin.
The javelin hits you.
You see here a javelin.
Urug throws a javelin.
The javelin hits you!!
You see here a javelin.
A red film seems to cover your vision as you go berserk!
You feel yourself moving faster!
You feel mighty!
You are feeling hungry.
Urug throws a javelin.
The javelin barely misses you.
You feel a strong urge to attack something.
Urug barely misses you.
You hit Urug but do no damage.
Space bends around Urug.
Urug is lightly wounded.
Urug hits you with a glaive of protection!!
* * * LOW HITPOINT WARNING * * *
You are too injured to fight recklessly!
You are too injured to fight recklessly!
You are too injured to fight recklessly!
You are too injured to fight recklessly!
You are too injured to fight recklessly!
You are too injured to fight recklessly!
You closely miss Urug.
Urug is lightly wounded.
You closely miss Urug.
Urug is lightly wounded.
Urug zaps a wand.
The bolt of acid hits you!
* * * LOW HITPOINT WARNING * * *
The acid corrodes you!
You are splashed with acid!
The acid burns!
* * * LOW HITPOINT WARNING * * *
You closely miss Urug.
Urug is lightly wounded.
You hit Urug.
Space warps horribly around Urug!
Urug is moderately wounded.
Urug zaps a wand.
The bolt of acid hits you!
You are splashed with acid!
The acid burns!
* * * LOW HITPOINT WARNING * * *
You hit Urug but do no damage.
Urug is moderately wounded.
Urug blinks!
Unknown command.
You are too berserk!
Unknown command.
You are too berserk!
Unknown command.
You feel a strong urge to attack something.
You are no longer berserk.
You are exhausted.
You feel yourself slow down.
Urug throws a javelin.
The javelin hits you!
You die...

######### #.......# #@#
#.#### ###### ##....#
#....# #...#.##.
#####....######(.o.....
..............(.....>...
#........####.....##....
#[.......# #.....# ....
#....##### #(....# ...


You could see Urug.

Vanquished Creatures
  A two-headed ogre (D:8)
  A komodo dragon (D:8)
  A hippogriff (D:8)
  A redback (D:8)
  A wraith (D:12)
  The ghost of Fingolfin the Ruffian, an amateur VSTm (D:4)
  A wyvern (D:9)
  2 hogs (D:7)
  4 yaks
  A human (D:7)
  A soldier ant (D:12)
  An ice beast (D:11)
  6 orc warriors
  A black bear (D:11)
  A sky beast (D:7)
  3 phantoms
  4 ogres
  4 centaurs
  A big kobold (D:11)
  6 bullfrogs
  4 scorpions
  4 killer bees (D:9)
  8 wights
  3 howler monkeys
  6 crimson imps
  A centaur zombie (D:7)
  A centaur skeleton (D:5)
  7 orc priests
  A bullfrog skeleton (D:4)
  7 hounds
  4 jellies
  6 orc wizards
  3 iguanas
  9 worker ants
  A hound zombie (D:3)
  2 hound skeletons
  2 worker ant zombies
  A gnoll (D:1)
  2 howler monkey skeletons
  8 adders
  A shadow imp (D:7)
  An ooze (D:4)
  2 adder zombies (D:3)
  An adder skeleton (D:8)
  3 worms
  3 dart slugs
  5 leopard geckos
  39 orcs
  A ball python (D:2)
  12 bats
  A giant cockroach (D:2)
  9 goblins
  10 hobgoblins
  16 jackals
  5 kobolds
  4 quokkas
  6 frilled lizards
  A leopard gecko zombie (D:3)
  A quokka zombie (D:8)
  7 rats
250 creatures vanquished.

Vanquished Creatures (others)
  A plant (D:8)
1 creature vanquished.

Grand Total: 251 creatures vanquished

Notes
Turn   | Place    | Note
-------+----------+-------------------------------------------
     0 | D:1      | dstrtnsr the Hill Orc Berserker began the quest for the Orb.
     0 | D:1      | Reached XP level 1. HP: 19/19 MP: 1/1
   311 | D:1      | Reached XP level 2. HP: 15/27 MP: 2/2
   711 | D:1      | Reached skill level 5 in Axes
   792 | D:1      | Reached XP level 3. HP: 33/33 MP: 3/3
  1326 | D:2      | Reached ** piety under Trog
  1363 | D:2      | Reached XP level 4. HP: 41/41 MP: 4/4
  1764 | D:2      | Found a hide-covered altar of Uskayaw.
  1823 | D:3      | Noticed Sigmund
  1825 | D:3      | Reached skill level 6 in Axes
  2061 | D:2      | Reached XP level 5. HP: 47/47 MP: 5/5
  2356 | D:3      | Found an ancient bone altar of Kikubaaqudgha.
  2376 | D:3      | Reached skill level 5 in Fighting
  2381 | D:3      | Reached skill level 7 in Axes
  2390 | D:3      | Reached *** piety under Trog
  2505 | D:3      | Reached XP level 6. HP: 56/56 MP: 6/6
  2528 | D:3      | Found a faded altar of an unknown god.
  3256 | D:4      | Noticed Fingolfin's ghost (amateur VSTm)
  3265 | D:4      | Killed Fingolfin's ghost
  3265 | D:4      | Reached skill level 8 in Axes
  3446 | D:4      | Found a snail-covered altar of Cheibriados.
  3453 | D:4      | Reached XP level 7. HP: 61/63 MP: 7/7
  3516 | D:4      | Found a staircase to the Ecumenical Temple.
  3533 | D:4      | Found Quilun's Antique Armour Shop.
  3855 | D:4      | Got a slimy iron ring
  3887 | D:5      | Entered Level 5 of the Dungeon
  3893 | D:5      | Reached skill level 9 in Axes
  3941 | D:5      | Identified the ring of the Jester {rF+ rN+} (You took it off an orc on level 4 of the Dungeon)
  3971 | D:5      | HP: 25/64 [worker ant (4)]
  3976 | D:5      | HP: 34/96 [poisoned by a worker ant]
  3982 | D:5      | HP: 22/64 [poisoned by a worker ant]
  3988 | D:4      | HP: 21/64 [poisoned by a worker ant]
  3993 | D:4      | HP: 20/64 [poisoned by a worker ant]
  4194 | D:5      | Reached skill level 10 in Axes
  4217 | D:5      | Reached XP level 8. HP: 71/73 MP: 8/8
  5060 | D:4      | Bought a pair of embroidered gloves for 172 gold pieces
  5213 | D:6      | Reached **** piety under Trog
  5347 | D:6      | Found a shimmering altar of Xom.
  5348 | D:6      | Found a shimmering altar of Xom.
  5348 | D:6      | Found a shimmering altar of Xom.
  5368 | D:6      | Found a shimmering altar of Xom.
  5369 | D:6      | Found a shimmering altar of Xom.
  5388 | D:6      | Reached skill level 11 in Axes
  5679 | D:6      | Found a shimmering altar of Xom.
  5679 | D:6      | Found a shimmering altar of Xom.
  5684 | D:6      | Found a shimmering altar of Xom.
  5685 | D:6      | Found a shimmering altar of Xom.
  5685 | D:6      | Found a shimmering altar of Xom.
  5685 | D:6      | Found a shimmering altar of Xom.
  6125 | D:7      | Reached skill level 12 in Axes
  6129 | D:7      | Reached XP level 9. HP: 82/82 MP: 9/9
  6466 | D:7      | Reached ***** piety under Trog
  6469 | D:7      | Reached skill level 13 in Axes
  6708 | D:7      | Found Nypeon's Jewellery Shop.
  6712 | D:7      | Found Amiusefu's Distillery.
  6713 | D:7      | Found Binlonui's Weapon Shop.
  6713 | D:7      | Found Qerghu's Magic Scroll Shop.
  6719 | D:7      | Bought 2 scrolls of magic mapping for 77 gold pieces
  6719 | D:7      | Bought a scroll of remove curse for 33 gold pieces
  6719 | D:7      | Bought a scroll of fear for 38 gold pieces
  6831 | D:8      | Noticed a two-headed ogre
  6839 | D:8      | Killed a two-headed ogre
  6839 | D:8      | Reached skill level 10 in Fighting
  6839 | D:8      | Reached skill level 14 in Axes
  6839 | D:8      | Reached XP level 10. HP: 94/94 MP: 10/10
  7025 | D:8      | Found the +2 cloak of the Thief {+Fog Slay-2 SInv Stlth+}
  7303 | D:8      | Found a shattered altar of Ashenzari.
  7519 | D:8      | Found a staircase to the Lair.
  7546 | D:8      | Reached skill level 15 in Axes
  7546 | D:8      | Reached skill level 1 in Evocations
  7885 | D:9      | Found a glowing silver altar of Zin.
  7885 | D:9      | Found an opulent altar of Gozag.
  8132 | D:9      | Found a sparkling altar of Nemelex Xobeh.
  8134 | D:9      | Found a stormy altar of Qazlal.
  8136 | D:9      | Found a bloodstained altar of Trog.
  8137 | D:9      | Found a burning altar of Makhleb.
  8137 | D:9      | Found a shimmering altar of Xom.
  8137 | D:9      | Found a deep blue altar of Sif Muna.
  8336 | D:9      | Found a radiant altar of Vehumet.
  8562 | D:9      | Found a white marble altar of Elyvilon.
  8572 | D:9      | Received a gift from Trog
  8939 | D:10     | Entered Level 10 of the Dungeon
  9048 | D:10     | Found a shadowy altar of Dithmenos.
  9179 | D:10     | Got a wavering copper ring
  9188 | D:10     | Found Fintuaho's Book Emporium.
  9438 | D:11     | Reached skill level 16 in Axes
  9750 | D:11     | Reached XP level 11. HP: 95/102 MP: 13/13
 10128 | D:12     | Found an opulent altar of Gozag.
 10327 | D:12     | Noticed Urug
 10333 | D:12     | HP: 44/153 [Urug/glaive of protection (20)]
 10337 | D:12     | HP: 14/153 [acid (14)]
 10340 | D:12     | Hit by a javelin thrown by Urug

Vault maps used:
D:1:      dpeg_arrival_water_altar
D:2:      kennysheep_big_flooded_room, marbit_many_paths, first_ration
D:3:      lemuel_round_altar, chequers_ecumenical_altar_simple_redux,
          serial_undead, serial_undead_f, serial_undead_e, serial_undead_a,
          serial_undead_b, uniq_sigmund
D:4:      kennysheep_slug_shrine, temple_doors_cd, serial_shops, shop
D:6:      xom_redecorated
D:7:      grunt_livestock, minmay_shop_grid_forest
D:8:      lemuel_crystal_altar, david_lair_shrubbed,
          hangedman_abyss_or_decor_passed, minmay_three_doors
D:9:      grunt_temple_overflow_gold_and_silver, lemuel_round_altar,
          nicolae_overflow_crystal_walls, grunt_temple_overflow_open
D:10:     serial_shops, nicolae_shop_crystal, roderic_batcave,
          nicolae_dithmenos_through_a_glass_darkly
D:11:     david_orc_4
D:12:     basic_altar, nrook_mini_backslash, minmay_st_funbox, fountainhead,
          minmay_crystal_water, nicolae_gozag_seed_capital, uniq_kirke,
          uniq_urug

Skill      XL: |  1  2  3  4  5  6  7  8  9 10 11 |
---------------+----------------------------------+-----
Fighting       | 4 5 6 7 8 10 11 | 11.5
Axes           | 5 6 7 8 10 12 14 16 | 16.3
Evocations     | 3 4 |  4.1
Dodging        | 2 |  2.1
Armour         | |  2.8

Action                   |  1- 3 |  4- 6 |  7- 9 | 10-12 || total
-------------------------+-------+-------+-------+-------++-------
Melee: Hand axe          |    98 |    58 |       |       ||   156
       War axe           |       |    75 |   290 |   153 ||   518
       Battleaxe         |       |       |       |   109 ||   109
Invok: Berserk           |     3 |     4 |     4 |     4 ||    15
  Use: Scroll            |       |     3 |     7 |       ||    10
  Eat: Chunk             |     3 |    12 |    10 |    15 ||    40
       Ration            |       |       |     1 |       ||     1
Armor: Animal skin       |     2 |       |       |       ||     2
       Chain mail        |    34 |    77 |   131 |       ||   242
       Plate armour      |       |       |    60 |   137 ||   197
Dodge: Dodged            |    34 |    54 |   108 |    73 ||   269

Table legend:
 A = Spawn XP
 B = Non-spawn XP
 C = Spawn XP percentage of total XP
 D = Spawn monster count
 E = Non-spawn monster count
 F = Spawn count percentage of total count
 G = Total turns spent on level
                    A         B        C        D         E        F      G
               +---------+---------+-------+---------+---------+-------+---------
         Total |       0 |   10570 |   0.0 |       0 |     250 |   0.0 | 10340
               +---------+---------+-------+---------+---------+-------+---------
           D:1 |       0 |      45 |   0.0 |       0 |      18 |   0.0 |  1041
           D:2 |       0 |     114 |   0.0 |       0 |      22 |   0.0 |  1216
           D:3 |       0 |     202 |   0.0 |       0 |      28 |   0.0 |   840
           D:4 |       0 |     366 |   0.0 |       0 |      10 |   0.0 |  1021
           D:5 |       0 |     741 |   0.0 |       0 |      19 |   0.0 |   956
           D:6 |       0 |     418 |   0.0 |       0 |      12 |   0.0 |   957
           D:7 |       0 |    2064 |   0.0 |       0 |      37 |   0.0 |   719
           D:8 |       0 |    2346 |   0.0 |       0 |      22 |   0.0 |  1072
           D:9 |       0 |    1423 |   0.0 |       0 |      22 |   0.0 |  1117
          D:10 |       0 |     245 |   0.0 |       0 |      16 |   0.0 |   306
          D:11 |       0 |    1478 |   0.0 |       0 |      33 |   0.0 |   737
          D:12 |       0 |    1128 |   0.0 |       0 |      11 |   0.0 |   358
               +---------+---------+-------+---------+---------+-------+---------
